 Seeded DCSS version 0.32-a0-7-ge934b4519a (webtiles) character file.

Game seed: 9443254545580919635 (custom seed)

2 Ambrosia the Sneak (level 1, 10/10 HPs)
             Began as a Vampire Conjurer on Jan 13, 2024.
             Quit the game on level 1 of the Dungeon.
             The game lasted 00:01:44 (142 turns).

Ambrosia the Sneak (Vampire Conjurer)                Turns: 142, Time: 00:01:45

Health: 10/10      AC:  2    Str:  6    XL:     1   Next: 33%
Magic:  3/3        EV: 12    Int: 20    God:
Gold:   6          SH:  0    Dex: 12    Spells: 3/4 levels left

rFire   . . .        (no weapon)
rCold   + + .        (no shield)
rNeg    + + +        a - +0 robe
rPois   ∞            (no helmet)
rElec   .            (no cloak)
rCorr   .            (no gloves)
SInv    +            (no boots)
Will    .....        (no amulet)
Stlth   ++++         (no ring)
HPRegen 0.21/turn    (no ring)
MPRegen 0.08/turn

%: no passive effects
@: bloodless
A: bloodless, fangs 3, see invisible, vampiric 1
a: Revivify


You were on level 1 of the Dungeon.
You visited 1 branch of the dungeon, and saw 1 of its levels.

You collected 6 gold pieces.

Inventory:

Armour
 a - a +0 robe (worn)
Jewellery
 d - a +6 ring of intelligence
Scrolls
 c - a scroll of poison {unknown}
Potions
 b - a potion of magic


   Skills:
 + Level 2.2 Dodging
 + Level 3.1 Stealth
 + Level 2.0 Spellcasting
 + Level 3.0 Conjurations


You had 3 spell levels left.
You knew the following spells:

 Your Spells              Type           Power      Damage    Failure   Level
a - Magic Dart            Conj           56%        1d5       4%          1

Your spell library contained the following spells:

 Spells                   Type           Power      Damage    Failure   Level
 Searing Ray              Conj           28%        2d5       7%          2
 Fulminant Prism          Conj/Alch      4%         3d5       63%         4
 Iskenderun's Mystic Bla  Conj/Tloc      8%         2d4       63%         4


Dungeon Overview and Level Annotations

Branches:
Dungeon (1/15) Zot: 5857

Altars:


Innate Abilities, Weirdness & Mutations

You do not regenerate when monsters are visible.
You are frail without blood (-20% HP).
You can heal yourself when you bite living creatures.
You are immune to poison.
You have razor-sharp teeth.
You have supernaturally acute eyesight. (SInv)
You are afflicted with vampirism.


Message History

The goblin shouts!
The goblin hits you with a +0 club.
A goblin is nearby!
You hit the goblin.
The goblin is severely wounded.
The goblin barely misses you.
A goblin is nearby!
You closely miss the goblin.
The goblin is severely wounded.
The goblin closely misses you.
A goblin is nearby!
You barely miss the goblin.
The goblin is severely wounded.
The goblin hits you with a +0 club.
A goblin is nearby!
You hit the goblin but do no damage. Your punch misses the goblin.
Your bite misses the goblin.
The goblin is severely wounded.
The goblin hits you with a +0 club.
* * * LOW HITPOINT WARNING * * *
A goblin is nearby!
You barely miss the goblin.
The goblin is severely wounded.
The goblin completely misses you.
A goblin is nearby!
You completely miss the goblin.
The goblin is severely wounded.
The goblin hits you with a +0 club.
* * * LOW HITPOINT WARNING * * *
A goblin is nearby!
You closely miss the goblin.
The goblin is severely wounded.
The goblin barely misses you.
A goblin is nearby!
You hit the goblin.
You kill the goblin!
c - a scroll labelled QOORPH GUPRY No target in view!
d - a +6 ring of intelligence Are you sure you want to abandon this character and quit the game? (Confirm with "yes".)

##### #... #######.#
##.......####.##
######...##...)......
#..........#..####.#
.#...##...#...####.
..#..##@.#.........#
.#....#....#######
....#..#.....##
.##..##..##......
#..##..##.####.#
...#..#....#
...#....#...# ##.
..#..##..#..# #..
#...##.†.#.# # #.#


There were no monsters in sight!

Vanquished Creatures
  An endoplasm (D:1)
  A bat (D:1)
  A goblin (D:1)
3 creatures vanquished.

Notes
Turn   | Place    | Note
-------+----------+-------------------------------------------
     0 | D:1      | Ambrosia the Vampire Conjurer began the quest for the Orb.
     0 | D:1      | Reached XP level 1. HP: 13/13 MP: 3/3
   142 | D:1      | Quit the game

Illustrated notes

Levels and vault maps discovered:
D:1:      ncdulo_watergridlock, layout_loops_cross, dk_noncrumbling_3,
          serial_park_tiny_1, minivault_26

Skill      XL: |  1 |
---------------+----+-----
Conjurations   | 3 |  3.0
Dodging        | |  2.2
Stealth        | |  3.1
Spellcasting   | |  2.0

Action                     || total
---------------------------++-------
  Melee: Unarmed           ||    15
         Bite              ||     1
   Cast: Magic Dart        ||     1
Ability: Exsanguinate      ||     1
 Armour: Robe              ||    11
  Dodge: Dodged            ||     8

Table legend: (Time is in decaauts)
 A = Elapsed time spent in this place.
 B = Non-inter-level travel time spent in this place.
 C = Inter-level travel time spent in this place.
 D = Time resting spent in this place.
 E = Time spent auto-exploring this place.
 F = Levels seen in this place.
 G = Mean time per level.
                   A        B        C        D        E       F      G
               +--------+--------+--------+--------+--------+-----+--------+
         Total |    142 |    141 |      1 |      0 |    100 |   1 |  142.0 |
       Dungeon |    142 |    141 |      1 |      0 |    100 |   1 |  142.0 |
               +--------+--------+--------+--------+--------+-----+--------+

Top non-repeatable levels by time:
     D:1: 142 daAuts
